 Dungeon Crawl Stone Soup version 0.28-a0-1184-g53156a8862 (webtiles) character file.

Game seed: 4186850666368598672

75 ytrimaz the Insei (level 4, -4/28 HPs)
             Began as an Octopode Transmuter on Dec 17, 2021.
             Killed by nerve-wracking pain
             ... invoked by an orc priest
              (12 damage)
             ... on level 3 of the Dungeon.
             The game lasted 00:01:41 (2490 turns).

ytrimaz the Insei (Octopode Transmuter)             Turns: 2490, Time: 00:01:42

Health: -4/28      AC:  2    Str:  9    XL:     4   Next: 31%
Magic:  5/8        EV: 35    Int: 17    God:
Gold:   105        SH:  0    Dex: 23    Spells: 2/8 levels left

rFire   . . .      SeeInvis .     - Unarmed
rCold   . . .      Faith    .   (shield currently unavailable)
rNeg    . . .      Spirit   .   (helmet currently unavailable)
rPois   x          Reflect  .   c - amulet of the acrobat
rElec   .          Harm     .   b - +6 ring of dexterity
rCorr   .          Rampage  .   (no ring)
Will    .....                   (no ring)
Stlth   ++........              (no ring)
HPRegen 0.09/turn               (no ring)
MPRegen 0.11/turn               (no ring)
                                (no ring)
                                (no ring)

@: spider-form (expiring), acrobatic
A: venomous fangs, almost no armour, (amphibious), 8 rings, tiny, (camouflage
1), (gelatinous body 1), (nimble swimmer 1), (tentacles)
a: End Transformation


You were on level 3 of the Dungeon.
You were a venomous arachnid creature.
You visited 1 branch of the dungeon, and saw 3 of its levels.

You collected 105 gold pieces.

Inventory:

Jewellery
 b - a +6 ring of dexterity (left front leg)
 c - an amulet of the acrobat (around neck)
Scrolls
 d - a scroll of identify {unknown}
Potions
 a - 2 potions of cancellation {unknown}
 e - a potion of might {unknown}


   Skills:
 * Level 1.5 Fighting
 - Level 2.0 Dodging
 + Level 3.5 Unarmed Combat
 * Level 2.9 Spellcasting
 * Level 2.8 Transmutations


You had 2 spell levels left.
You knew the following spells:

 Your Spells              Type           Power      Damage    Failure   Level
a - Beastly Appendage     Tmut           24%        N/A       16%         1
b - Wereblood             Tmut           12%        N/A       22%         2
c - Spider Form           Tmut/Pois      7%         N/A       50%         3

Your spell library contained the following spells:

 Spells                   Type           Power      Damage    Failure   Level
 Ice Form                 Ice/Tmut       7%         N/A       85%         4


Dungeon Overview and Level Annotations

Branches:
Dungeon (3/15)

Altars:
Vehumet
Yredelemnul


Innate Abilities, Weirdness & Mutations

You are a venomous arachnid creature.
You have poisonous fangs.
You are tiny and dextrous.
Your spellcasting is less reliable in this form.
Your armour is entirely melded.
You are incapable of wielding weapons or throwing items.
You cannot wear most types of armour.
((You are amphibious.))
You can wear up to eight rings at the same time.
((Your skin changes colour to match your surroundings (Stealth+).))
((Your rubbery body absorbs attacks. (AC +1, EV +1)))
((You are camouflaged near water. (Stealth+)))
((You have tentacles for arms and can constrict up to eight enemies at once.))


Message History

* * * LOW HITPOINT WARNING * * *
Jessica casts a spell.
Jessica blinks free!
The quokka bites you.
* * * LOW HITPOINT WARNING * * *
The quokka closely misses you. Jessica completely misses you.
The worm misses you.
Unknown command.
You tentacle-slap Jessica.
You kill Jessica!
The worm dissolves into shadows!
The quokka dissolves into shadows!
You have reached level 4!
Unknown command.
Your transformation is almost over.
You feel yourself speed up.
Your tentacle spike disappears.
Key pressed, stopping explore.
HP restored.
Things that are here:
a +0 club; a +0 robe; the human skeleton of Jessica An orc priest comes into view.
It is wielding a +0 dagger.
An orc priest is nearby!
An orc priest is nearby!
Casting: Beastly Appendage (safe; 5% risk of failure)
Confirm with . or Enter, or press ? or * to list all spells.
The spell is extremely dangerous to miscast (28% risk of failure)!
Continue anyway?
You turn into a venomous arachnid creature.
Unknown command.
The orc priest shouts!
You hear a shout!
The orc priest calls down the wrath of Beogh upon you.
Beogh smites you!
An orc comes into view. It is wielding a +0 mace.
The orc priest calls down the wrath of Beogh upon you.
Beogh smites you!
* * * LOW HITPOINT WARNING * * *
Your transformation is almost over.
An orc priest comes into view. It is wielding a +0 club.
Unknown command.
The orc priest calls down the wrath of Beogh upon you.
Pain shoots through your body!
You die...

. # . ...#.####### ..
.....o.....######### ...
....o.o....s.......+ ....
..#........#......##.....###
............................
#######......)....## ##
######......# #. #.
#......####.# #.
#####..).##.## #.
####'##..#### #.........[


You could see 2 orc priests and an orc.

Vanquished Creatures
  Jessica (D:3)
  An adder (D:2)
  2 worms (D:2)
  An orc (D:3)
  5 ball pythons
  3 bats
  2 endoplasms (D:1)
  2 goblins
  2 hobgoblins (D:2)
  3 quokkas
  3 frilled lizards
  4 kobolds
  4 rats
33 creatures vanquished.

Notes
Turn   | Place    | Note
-------+----------+-------------------------------------------
     0 | D:1      | ytrimaz the Octopode Transmuter began the quest for the
                  | Orb.
     0 | D:1      | Reached XP level 1. HP: 13/13 MP: 3/3
   368 | D:1      | Reached XP level 2. HP: 18/18 MP: 3/5
  1242 | D:2      | Found a radiant altar of Vehumet.
  1644 | D:2      | Reached XP level 3. HP: 23/23 MP: 6/6
  1647 | D:2      | Learned a level 2 spell: Wereblood
  1651 | D:2      | Learned a level 3 spell: Spider Form
  2063 | D:3      | Found a basalt altar of Yredelemnul.
  2198 | D:3      | Noticed Jessica
  2209 | D:3      | Killed Jessica
  2210 | D:3      | Reached XP level 4. HP: 3/28 MP: 6/8
  2490 | D:3      | Killed from afar by an orc priest

Illustrated notes

Levels and vault maps discovered:
D:1:      sevenhm_arrival_forest_fort_large_4, layout_basic,
          corexii_leaking_fountain, minmay_parallelograms
D:2:      layout_rooms, basic_altar
D:3:      layout_basic, yredelemnul_altar_generic, uniq_jessica

Action                   |  1- 3 |  4- 6 || total
-------------------------+-------+-------++-------
Melee: Unarmed           |    61 |       ||    61
       Constrict         |    21 |       ||    21
       Kick              |    16 |       ||    16
       Tentacles         |    10 |       ||    10
       Punch             |     1 |       ||     1
 Cast: Beastly Appendage |    23 |       ||    23
       Spider Form       |       |     1 ||     1
  Use: Scroll            |     3 |       ||     3
 Stab: Sleeping          |     3 |       ||     3
Armor: Skin              |     9 |       ||     9
Dodge: Dodged            |    58 |       ||    58

Table legend: (Time is in decaauts)
 A = Elapsed time spent in this place.
 B = Non-inter-level travel time spent in this place.
 C = Inter-level travel time spent in this place.
 D = Time resting spent in this place.
 E = Time spent auto-exploring this place.
 F = Levels seen in this place.
 G = Mean time per level.
                   A        B        C        D        E       F      G
               +--------+--------+--------+--------+--------+-----+--------+
         Total |   2490 |   2425 |     65 |     81 |   2014 |   3 |  830.0 |
       Dungeon |   2490 |   2425 |     65 |     81 |   2014 |   3 |  830.0 |
               +--------+--------+--------+--------+--------+-----+--------+

Top non-repeatable levels by time:
     D:1: 1172 daAuts
     D:2: 830 daAuts
     D:3: 488 daAuts
